[Event "*** Titled Tuesday Blitz"]
[Site "Chess.com"]
[Date "2020.05.05"]
[Round "3"]
[White "Noam_Vitenberg"]
[Black "swimmerchess"]
[Result "0-1"]
[WhiteElo "2497"]
[BlackElo "2734"]
[TimeControl "180+1"]
[EndTime "10:26:29 PDT"]
[Termination "swimmerchess won by resignation"]

1. d4 Nf6 2. c4 g6 3. Nc3 Bg7 4.
e4 d6 5. h3 O-O 6. Be3 e5 7. d5 Na6 8. g4 Nc5 9. f3 a5 10. Nge2 h5 11. Ng3 h4 12. Nge2 Nh7 13. Qd2 Bf6 14. Bg2 Bg5 15. O-O-O b6 16. f4 exf4 17. Bxf4 Ba6 18. Nb5 Bxb5 19. cxb5 Re8 20. Nc3 Bxf4 21. Qxf4 Qg5 22. Rhf1 Qxf4+ 23. Rxf4 Ng5 24.
Rd4 Re5 25. a3 Nb3+ 0-1

[Event "*** Titled Tuesday Blitz"]
[Site "Chess.com"]
[Date "2020.05.05"]
[Round "3"]
[White "icychess54"]
[Black "ADODOVE"]
[Result "1-0"]
[WhiteElo "2282"]
[BlackElo "1976"]
[TimeControl "180+1"]
[EndTime "10:26:33 PDT"]
[Termination "icychess54 won on time"]

1. c4 e6 2. Nf3 Nf6 3. e3 d5 4. Nc3 Bd6 5. b3 c6 6. Bb2 O-O 7. Be2 b6 8. O-O Bb7 9. d4 Nbd7 10. Rc1 Rc8 11. Bd3 c5 12. Qe2 Ne4 13. Bxe4 dxe4 14.
Nd2 f5 15. d5 Ne5 16. dxe6 Nf3+ 17. gxf3 Qg5+ 18. Kh1 exf3 19. Nxf3 Qh5 20. Nd5 Rf6 21. Bxf6 gxf6 22. Nxf6+ 1-0

[Event "*** Titled Tuesday Blitz"]
[Site "Chess.com"]
[Date "2020.05.05"]
[Round "3"]
[White "MichailovM"]
[Black "Savagelittlemole"]
[Result "0-1"]
[WhiteElo "2365"]
[BlackElo "2577"]
[TimeControl "180+1"]
[EndTime "10:26:34 PDT"]
[Termination "Savagelittlemole won by resignation"]

1. e4 c5 2. Nf3 d6 3. d4 cxd4 4. Nxd4 Nf6 5. Nc3 a6 6. Bg5 Nbd7 7. f4 Qc7 8. Qf3 h6 9. Bxf6 Nxf6 10. Be2 e5 11. Nb3 Be7 12. O-O-O O-O 13. f5 b5 14. a3 Bb7 15. g4 Rac8 16. Rd2 Rfd8 17. h4 d5 18. g5 Nxe4 19. f6 Nxd2 20. Nxd2 d4 0-1

[Event "*** Titled Tuesday Blitz"]
[Site "Chess.com"]
[Date "2020.05.05"]
[Round "3"]
[White "elohunter1999"]
[Black "PavlovDanila"]
[Result "1-0"]
[WhiteElo "2509"]
[BlackElo "2701"]
[TimeControl "180+1"]
[EndTime "10:26:35 PDT"]
[Termination "elohunter1999 won by resignation"]

1. e4 e6 2. d4 d5 3. Nc3 Nf6 4. e5 Nfd7 5. f4 c5 6. Nf3 Nc6 7. Be3 cxd4 8. Nxd4 Bc5 9. Qd2 O-O 10. O-O-O a6 11.
Qf2 Nxd4 12. Bxd4 Qe7 13. g3 b5 14. Bd3 Bb7 15. Ne2 Rac8 16. Kb1 Bxd4 17. Nxd4 Nc5 18.
h4 Ne4 19. Qe3 f6 20. exf6 Qxf6 21. Nf3 d4 22. Nxd4 Nxg3 23. Rhg1 Nf5 24. Qxe6+ Qxe6 25. Nxe6 Nxh4 26. Rxg7+ Kh8 27. Rxh7+ 1-0

[Event "*** Titled Tuesday Blitz"]
[Site "Chess.com"]
[Date "2020.05.05"]
[Round "3"]
[White "Redbandit87"]
[Black "EfrenRamos1"]
[Result "1-0"]
[WhiteElo "2439"]
[BlackElo "2203"]
[TimeControl "180+1"]
[EndTime "10:26:40 PDT"]
[Termination "Redbandit87 won by resignation"]

1. d4 d5 2. Bf4 e6 3. e3 Bd6 4.
Bxd6 cxd6 5. Qg4 Kf8 6. Nd2 Nf6 7. Qg3 h5 8. h4 Nc6 9. c3 e5 10. Ngf3 Ng4 11. Be2 g6 12. O-O-O Qa5 13. Kb1 Bf5+ 14. Ka1 f6 15. Nb3 Qa4 16. dxe5 Bc2 17. Nfd4 Bxd1 18. Rxd1 dxe5 19. Bb5 exd4 20. Bxa4 dxc3 21. bxc3 Ne7 22.
Nc5 Kf7 23. Bb3 Rhd8 24. Nxb7 Rdc8 25. Nd6+ 1-0

[Event "*** Titled Tuesday Blitz"]
[Site "Chess.com"]
[Date "2020.05.05"]
[Round "3"]
[White "sjevtic"]
[Black "almatyonelove"]
[Result "0-1"]
[WhiteElo "2315"]
[BlackElo "2582"]
[TimeControl "180+1"]
[EndTime "10:26:43 PDT"]
[Termination "almatyonelove won by resignation"]

1. d4 Nf6 2. Nf3 d5 3. Bf4 e6 4.
e3 Bd6 5. Bg3 O-O 6. Bd3 b6 7.
Nbd2 Bb7 8. Ne5 Nbd7 9. f4 Ne4 10. Qh5 Ndf6 11. Qh3 Nxd2 12. Kxd2 Ne4+ 13. Ke2 Qe7 14. Bh4 f6 15. Nf3 Qe8 16. g4 c5 17. c3 a5 18. Nd2 Ba6 19. Bxa6 Rxa6 20. Nxe4 Qb5+ 21. Kf3 dxe4+ 22. Kxe4 Qe2 23. Rae1 f5+ 24. gxf5 exf5+ 25. Kd5 Qb5 26. Kxd6 Ra7 0-1

[Event "*** Titled Tuesday Blitz"]
[Site "Chess.com"]
[Date "2020.05.05"]
[Round "3"]
[White "Echecmat"]
[Black "JozefKneht"]
[Result "1-0"]
[WhiteElo "2208"]
[BlackElo "2467"]
[TimeControl "180+1"]
[EndTime "10:26:46 PDT"]
[Termination "Echecmat won by resignation"]

1. d4 d5 2. c4 e6 3. Nf3 Nf6 4. g3 Be7 5. Bg2 O-O 6. O-O dxc4 7. Qc2 a6 8. Qxc4 b5 9. Qc2 Bb7 10. Bd2 Be4 11. Qc1 c6 12. a3 Nbd7 13. Nc3 Bg6 14. Bg5 Rc8 15. Rd1 Qb6 16. b4 a5 17. e4 axb4 18.
axb4 Bxb4 19. Na2 Be7 20. Ne5 Rfe8 21. Nxd7 Nxd7 22. Bxe7 Rxe7 23. Nb4 Nb8 24. Ra8 Ree8 25. Qc5 Qxc5 26. dxc5 Nd7 27. Rxc8 Rxc8 28. Rxd7 1-0

[Event "*** Titled Tuesday Blitz"]
[Site "Chess.com"]
[Date "2020.05.05"]
[Round "3"]
[White "SCIM"]
[Black "1f3_2g41-0"]
[Result "1-0"]
[WhiteElo "2526"]
[BlackElo "2297"]
[TimeControl "180+1"]
[EndTime "10:26:53 PDT"]
[Termination "SCIM won by resignation"]

1. d4 Nf6 2. c4 g6 3. Nc3 d5 4. cxd5 Nxd5 5. e4 Nxc3 6. bxc3 Bg7 7. Bc4 c5 8. Ne2 O-O 9. O-O Nc6 10. Be3 Bg4 11.
d5 Na5 12. Bb5 a6 13. Bd3 Bxe2 14. Qxe2 Rc8 15. Rad1 b5 16. f4 f5 17. e5 Qxd5 18.
Bxb5 Qf7 19. Bxa6 Rc7 20. Qb5 Ra8 21. Qxa5 Rca7 22. Rd8+ Bf8 23. Rxa8 Rxa8 24. Qb5 Qxa2 25. Qc4+ 1-0

[Event "*** Titled Tuesday Blitz"]
[Site "Chess.com"]
[Date "2020.05.05"]
[Round "3"]
[White "harvsp123"]
[Black "ntmh281"]
[Result "1-0"]
[WhiteElo "2523"]
[BlackElo "2288"]
[TimeControl "180+1"]
[EndTime "10:26:55 PDT"]
[Termination "harvsp123 won by resignation"]

1. d4 d5 2. c4 c6 3. Nf3 Nf6 4. e3 e6 5. b3 Nbd7 6. Bb2 Bd6 7. Bd3 O-O 8. Nbd2 b6 9. O-O Bb7 10. Ne5 Rc8 11. f4 c5 12. Qf3 Qe7 13. Qh3 Ne4 14.
cxd5 Nxe5 15. dxe5 exd5 16. exd6 Qxd6 17. Rad1 Qe7 18. Nxe4 dxe4 19. Bc4 Rfd8 20. f5 Qg5 21. f6 g6 22. Bxf7+ Kxf7 23. Qxh7+ 1-0

[Event "*** Titled Tuesday Blitz"]
[Site "Chess.com"]
[Date "2020.05.05"]
[Round "3"]
[White "Micki-taryan"]
[Black "Mikhail_Biryukov"]
[Result "1/2-1/2"]
[WhiteElo "3072"]
[BlackElo "2677"]
[TimeControl "180+1"]
[EndTime "10:26:56 PDT"]
[Termination "Game drawn by repetition"]

1. d4 Nf6 2. Nf3 e6 3. c4 d5 4.
Nc3 Bb4 5. Qa4+ Nc6 6. e3 O-O 7. Qc2 a6 8. Bd2 dxc4 9. Bxc4 Bd6 10. a3 e5 11. d5 Ne7 12. e4 Bg4 13. Be2 c6 14. O-O cxd5 15. exd5 Rc8 16. h3 Bh5 17. Qb3 e4 18. Nd4 Bxe2 19. Ndxe2 Nexd5 20. Bg5 Nxc3 21. Nxc3 Qe7 22. Bxf6 Qxf6 23. Nxe4 Qe5 24. Nxd6 Qxd6 25. Rad1 Qc6 26. Rd4 Rfd8 27. Rfd1 Rxd4 28. Rxd4 Qc1+ 29.
Rd1 Qc7 30. Qd5 g6 31. g3 Qc6 32. Qd4 Re8 33. h4 h5 34. b4 Re2 35. Qd8+ Kg7 36. Qd4+ Kg8 37. Qf4 Kg7 38. Qd4+ Kg8 1/2-1/2

[Event "*** Titled Tuesday Blitz"]
[Site "Chess.com"]
[Date "2020.05.05"]
[Round "3"]
[White "youngKID"]
[Black "Nikithebest"]
[Result "1-0"]
[WhiteElo "2788"]
[BlackElo "2450"]
[TimeControl "180+1"]
[EndTime "10:26:57 PDT"]
[Termination "youngKID won by resignation"]

1. Nf3 c5 2. e4 d6 3. c3 Nf6 4. Be2 Nbd7 5. d3 b6 6. O-O e6 7. Re1 Bb7 8. Bf1 Rc8 9. Nbd2 Qc7 10. b3 Be7 11. Bb2 O-O 12. Rc1 Rfe8 13. d4 cxd4 14.
cxd4 Qb8 15. Bd3 Rxc1 16. Qxc1 Rc8 17. Qb1 e5 18. Nc4 b5 19. dxe5 bxc4 20. exf6 cxd3 21. fxe7 Rc2 22. Nd4 Rc8 23. Qxd3 Ne5 24. Qg3 g6 25. f4 Nc6 26. Nf5 h5 27. Qg5 1-0

[Event "*** Titled Tuesday Blitz"]
[Site "Chess.com"]
[Date "2020.05.05"]
[Round "3"]
[White "PavelChernomordik"]
[Black "WinstonSilvakov"]
[Result "1-0"]
[WhiteElo "2408"]
[BlackElo "2183"]
[TimeControl "180+1"]
[EndTime "10:26:57 PDT"]
[Termination "PavelChernomordik won by resignation"]

1. e4 Nf6 2. Nc3 d6 3. d4 g6 4. Bg5 Bg7 5. Qd2 h6 6. Bh4 O-O 7. f4 c5 8. dxc5 dxc5 9. Qxd8 Rxd8 10. e5 Nh5 11. g3 g5 12. fxg5 Bxe5 13. gxh6 Nc6 14.
Nf3 Bxc3+ 15. bxc3 Bg4 16. Be2 Rd6 17. Rb1 b6 18. h3 Bxf3 19. Bxf3 Re6+ 20. Kf2 Rxh6 21. Rhe1 e6 22. Bxc6 Rc8 23. Bf3 1-0

[Event "*** Titled Tuesday Blitz"]
[Site "Chess.com"]
[Date "2020.05.05"]
[Round "3"]
[White "Parhamov"]
[Black "SerGo055"]
[Result "1-0"]
[WhiteElo "3004"]
[BlackElo "2600"]
[TimeControl "180+1"]
[EndTime "10:26:59 PDT"]
[Termination "Parhamov won by resignation"]

1. e4 d5 2. exd5 Qxd5 3. Nc3 Qd8 4. d4 Nf6 5. Bc4 c6 6. Nf3 Bf5 7. Ne5 e6 8. g4 Be4 9. Nxe4 Nxe4 10. Qf3 Nd6 11.
Bb3 Nd7 12. Bf4 a5 13. a4 Be7 14. O-O-O Nf6 15. c4 O-O 16. h4 Rc8 17. g5 Nd7 18. Bc2 Nf5 19. h5 Nxe5 20. dxe5 Qb6 21. Kb1 Rcd8 22.
Bxf5 exf5 23. Qe2 Qb4 24. e6 fxe6 25. Qxe6+ Kh8 26. h6 1-0

[Event "*** Titled Tuesday Blitz"]
[Site "Chess.com"]
[Date "2020.05.05"]
[Round "3"]
[White "vanyakuba"]
[Black "semchik73"]
[Result "1-0"]
[WhiteElo "2438"]
[BlackElo "2202"]
[TimeControl "180+1"]
[EndTime "10:26:59 PDT"]
[Termination "vanyakuba won by resignation"]

1. e4 Nf6 2. e5 Nd5 3. d4 d6 4. c4 Nb6 5. exd6 cxd6 6. Nc3 g6 7. Be3 Bg7 8. Nf3 O-O 9. h3 Nc6 10. Be2 e5 11. O-O f5 12. c5 exd4 13. Nxd4 dxc5 14.
Nxc6 bxc6 15. Bxc5 Qxd1 16. Rfxd1 Re8 17. Bf3 Bb7 18.
Nb5 cxb5 19. Bxb7 Rab8 20. Bf3 Bxb2 21. Rab1 Nc4 22. Bd5+ Kg7 23. Bxc4 bxc4 24. Rxb2 Rbc8 25. Bxa7 c3 26. Bd4+ Kh6 27. Rc2 Red8 28. Be3+ f4 29. Bxf4+ g5 30. Rxd8 Rxd8 31. Be3 Rd3 32. h4 Kg6 33.
hxg5 Kf5 34. Kf1 Ke4 35. Ke2 1-0

[Event "*** Titled Tuesday Blitz"]
[Site "Chess.com"]
[Date "2020.05.05"]
[Round "3"]
[White "FMVolodymyrSakun"]
[Black "picturesquecheck"]
[Result "1-0"]
[WhiteElo "2471"]
[BlackElo "2076"]
[TimeControl "180+1"]
[EndTime "10:27:01 PDT"]
[Termination "FMVolodymyrSakun won by resignation"]

1. Nf3 d6 2. e4 c5 3. d4 cxd4 4. Qxd4 Nf6 5. c4 Nc6 6. Qe3 g6 7. Be2 Bg7 8. h3 O-O 9. O-O a5 10. Nc3 Nd7 11. Rb1 Qb6 12. Nd5 Qxe3 13. Bxe3 Nc5 14.
e5 Be6 15. Nxe7+ Nxe7 16. exd6 Nf5 17. Bxc5 Ra6 18. Rfd1 Rc6 19. Ba3 Bxc4 20. Bxc4 Rxc4 21. g4 Nd4 22. Nxd4 Rxd4 23. Rxd4 Bxd4 24. Rd1 Bf6 25. d7 Ra8 26. Re1 Bd8 27. Re8+ Kg7 28. Be7 1-0

[Event "*** Titled Tuesday Blitz"]
[Site "Chess.com"]
[Date "2020.05.05"]
[Round "3"]
[White "bakki78"]
[Black "ama18"]
[Result "1-0"]
[WhiteElo "2728"]
[BlackElo "2496"]
[TimeControl "180+1"]
[EndTime "10:27:03 PDT"]
[Termination "bakki78 won by resignation"]

1. e4 c5 2. c3 d5 3. exd5 Qxd5 4. d4 g6 5. Na3 Bg7 6. Be3 cxd4 7. Nb5 Na6 8. Bxd4 Bxd4 9. Qxd4 Qxd4 10. Nxd4 Nc7 11. Ngf3 Nf6 12. O-O-O O-O 13. Bc4 a6 14. Rhe1 e6 15.
Bb3 b5 16. Ne5 Bb7 17. f3 Bd5 18. Ndc6 Bxb3 19. axb3 Ncd5 20. b4 Kg7 21. Kc2 Rfc8 22. Kb3 Ne8 23. Nd4 a5 24. bxa5 Rxa5 25. Ra1 Rca8 26. Rxa5 Rxa5 27. Nec6 Ra6 28. Nb4 Nxb4 29. Kxb4 Nd6 30. Kc5 Kf8 31. b3 Ke7 32. Nc6+ Kd7 33. Nb8+ 1-0

[Event "*** Titled Tuesday Blitz"]
[Site "Chess.com"]
[Date "2020.05.05"]
[Round "3"]
[White "KoustavChatterjee1"]
[Black "anon219"]
[Result "0-1"]
[WhiteElo "2579"]
[BlackElo "2787"]
[TimeControl "180+1"]
[EndTime "10:27:04 PDT"]
[Termination "anon219 won by resignation"]

1. d4 Nf6 2. c4 e6 3. Nc3 Bb4 4. e3 O-O 5. Bd2 d5 6. Nf3 c5 7. a3 Bxc3 8. Bxc3 cxd4 9. Bxd4 Nc6 10. Bc3 Ne4 11. Rc1 Nxc3 12. Rxc3 dxc4 13. Qxd8 Rxd8 14. Bxc4 Bd7 15. Ke2 Rac8 16. Rhc1 Kf8 17. Bd3 Ke7 18. b4 a6 19. Be4 h6 20. g4 g5 21. h4 f5 22.
gxf5 exf5 23. Bxc6 Bxc6 24. Nd4 Bd7 25. hxg5 hxg5 26.
Rc5 b6 27. Re5+ Kf6 28. Rxc8 Bxc8 29. Nc6 Rd6 0-1

[Event "*** Titled Tuesday Blitz"]
[Site "Chess.com"]
[Date "2020.05.05"]
[Round "3"]
[White "Witaliss"]
[Black "beatnoguera"]
[Result "1-0"]
[WhiteElo "2469"]
[BlackElo "1828"]
[TimeControl "180+1"]
[EndTime "10:27:05 PDT"]
[Termination "Witaliss won by resignation"]

1. d4 d5 2. c4 e6 3. Nc3 Nf6 4.
cxd5 exd5 5. Bg5 c6 6. e3 Be7 7. Bd3 O-O 8. Qc2 Nbd7 9. Nf3 Re8 10. h3 Nf8 11. O-O-O b5 12. Ne5 Qb6 13. Nxc6 Qxc6 14.
Bxb5 Qe6 15. Bxe8 Nxe8 16. Bxe7 Qxe7 17. Nxd5 Qd6 18. Nc3 Be6 19. d5 Bd7 20. e4 Rc8 21.
Kb1 Ng6 22. Rhe1 a5 23. Qd2 a4 24. a3 Rb8 25. Ka2 Ne5 26. Qd4 Nf6 27. f4 1-0

[Event "*** Titled Tuesday Blitz"]
[Site "Chess.com"]
[Date "2020.05.05"]
[Round "3"]
[White "kinga2008"]
[Black "amiralfio"]
[Result "0-1"]
[WhiteElo "2108"]
[BlackElo "2473"]
[TimeControl "180+1"]
[EndTime "10:27:07 PDT"]
[Termination "amiralfio won by resignation"]

1. e4 e6 2. d4 d5 3. e5 c5 4. c3 Nc6 5. Nf3 Bd7 6. a3 f6 7. b4 fxe5 8. Nxe5 Nxe5 9. dxe5 Ne7 10. Bd3 g6 11. h4 Nf5 12. h5 Bg7 13. hxg6 hxg6 14. Rxh8+ Bxh8 15. Qg4 Kf7 16. Bxf5 exf5 17.
Qf3 Be6 18. Bf4 Qc7 19. Qh3 Bg7 20. Nd2 Rh8 21. Qg3 Rh1+ 22. Nf1 cxb4 23. axb4 Qc4 24. Kd2 Rxf1 25. Rxf1 Qxf1 26. Qg5 Qxf2+ 27. Kd1 d4 28. Bd2 dxc3 29. Bxc3 Bb3+ 0-1

[Event "*** Titled Tuesday Blitz"]
[Site "Chess.com"]
[Date "2020.05.05"]
[Round "3"]
[White "hedgehog280"]
[Black "eightbyeightchess"]
[Result "1-0"]
[WhiteElo "2646"]
[BlackElo "2408"]
[TimeControl "180+1"]
[EndTime "10:27:08 PDT"]
[Termination "hedgehog280 won by resignation"]

1. c4 e5 2. Nc3 Nf6 3. Nf3 Nc6 4. a3 a5 5. e4 Bc5 6. Nxe5 Nxe5 7. d4 d6 8. dxc5 dxc5 9. Qxd8+ Kxd8 10. Bg5 h6 11. O-O-O+ Bd7 12. Bxf6+ gxf6 13. Nd5 Ra6 14. f4 Ng4 15.
Rd2 c6 16. Nc3 Kc7 17. h3 Ne3 18. Bd3 Rg8 19. g4 b5 20. cxb5 cxb5 21. Nxb5+ Bxb5 22. Bxb5 Rb6 23. a4 Re6 24. Re1 Rxe4 25. Rd3 Rxf4 26. Rexe3 h5 27. Re7+ Kb8 28. Rdd7 hxg4 29. Rb7+ Ka8 30. Bc6 1-0

[Event "*** Titled Tuesday Blitz"]
[Site "Chess.com"]
[Date "2020.05.05"]
[Round "3"]
[White "JoachimMouhamad"]
[Black "tsvet2005"]
[Result "0-1"]
[WhiteElo "2298"]
[BlackElo "2527"]
[TimeControl "180+1"]
[EndTime "10:27:12 PDT"]
[Termination "tsvet2005 won by resignation"]

1. e4 c5 2. Nf3 d6 3. d4 cxd4 4. Nxd4 Nf6 5. Nc3 a6 6. f3 e5 7. Nb3 Be6 8. Be3 Be7 9. Qd2 Nbd7 10. O-O-O b5 11. g4 Nb6 12. Qf2 Nfd7 13. Nd5 Bxd5 14. exd5 Nc4 15. Bxc4 bxc4 16. Nd2 c3 17. bxc3 Qa5 18.
Nb1 Qxa2 19. Rd3 Rb8 20. Kd2 Rxb1 21. Rxb1 Qxb1 22. g5 O-O 23. h4 Rb8 24. h5 Nb6 25. Bxb6 Qxb6 26. Qg2 a5 27. g6 fxg6 28. hxg6 h6 29.
Qh3 Qf2+ 30. Kc1 0-1

[Event "*** Titled Tuesday Blitz"]
[Site "Chess.com"]
[Date "2020.05.05"]
[Round "3"]
[White "MrTattaglia"]
[Black "chessdjw"]
[Result "1-0"]
[WhiteElo "2959"]
[BlackElo "2653"]
[TimeControl "180+1"]
[EndTime "10:27:14 PDT"]
[Termination "MrTattaglia won by resignation"]

1. Nf3 g6 2. c4 Bg7 3. Nc3 c5 4. g3 Nc6 5. Bg2 d6 6. O-O Be6 7. d3 Qc8 8. Nd5 Nf6 9. Nf4 Bd7 10. Rb1 e5 11. Nd5 Nxd5 12. cxd5 Nb4 13. a3 Nxd5 14. Nxe5 dxe5 15. Bxd5 O-O 16. Be3 Be6 17. Bxe6 Qxe6 18.
Bxc5 Rfd8 19. Qa4 a6 20. Be3 Rac8 21. Rfc1 h6 22. Qb4 b5 23. Qe4 Qb3 24. Qb4 Qa2 25.
Ra1 Qd5 26. Rc3 Bf8 27. Qa5 Rxc3 28. bxc3 Qc6 29. Qxd8 1-0

[Event "*** Titled Tuesday Blitz"]
[Site "Chess.com"]
[Date "2020.05.05"]
[Round "3"]
[White "Raja3401"]
[Black "zala02"]
[Result "1-0"]
[WhiteElo "2702"]
[BlackElo "2234"]
[TimeControl "180+1"]
[EndTime "10:27:17 PDT"]
[Termination "Raja3401 won by resignation"]

1. e4 c5 2. Nf3 Nc6 3. Bb5 g6 4. Bxc6 dxc6 5. d3 Bg7 6. O-O e5 7. a3 Ne7 8. b4 cxb4 9. axb4 O-O 10. Bb2 Qc7 11. Nbd2 Be6 12. Ra5 f6 13. Qa1 b6 14.
Ra6 c5 15. bxc5 Qxc5 16. Rc1 Qc7 17. d4 exd4 18. Bxd4 Nc6 19. Bxb6 Qb7 20. Be3 Rfc8 21. Qa4 Nb4 22. Rxe6 1-0

[Event "*** Titled Tuesday Blitz"]
[Site "Chess.com"]
[Date "2020.05.05"]
[Round "3"]
[White "BasilSmash"]
[Black "Lunow"]
[Result "1/2-1/2"]
[WhiteElo "2426"]
[BlackElo "2209"]
[TimeControl "180+1"]
[EndTime "10:27:18 PDT"]
[Termination "Game drawn by repetition"]

1. d4 Nf6 2. Nf3 g6 3. g3 Bg7 4. Bg2 O-O 5. O-O d5 6. c4 dxc4 7. Na3 c5 8. dxc5 c3 9. Nb5 Na6 10. Nxc3 Nxc5 11. Be3 Nfe4 12. Bd4 Bxd4 13. Qxd4 Qxd4 14.
Nxd4 Nxc3 15. bxc3 Bd7 16. Nb3 Rac8 17. Rfd1 Be6 18.
Nxc5 Rxc5 19. Bxb7 Rxc3 20. Bd5 Bxd5 21. Rxd5 Rc2 22.
e3 Rb8 23. Rd7 Rbb2 24. Rf1 Rxa2 25. Rxe7 a5 26. Ra7 a4 27. Kg2 a3 28. Kf3 Kg7 29.
g4 g5 30. h3 h6 31. Kg3 Kg6 32. Ra6+ Kg7 33. Ra7 Kg6 34. Ra6+ Kg7 35. Ra7 1/2-1/2

[Event "*** Titled Tuesday Blitz"]
[Site "Chess.com"]
[Date "2020.05.05"]
[Round "3"]
[White "starworld123"]
[Black "Yaacovn"]
[Result "0-1"]
[WhiteElo "2623"]
[BlackElo "2868"]
[TimeControl "180+1"]
[EndTime "10:27:23 PDT"]
[Termination "Yaacovn won by resignation"]

1. e4 c6 2. Nf3 d5 3. d3 Bg4 4. Nbd2 Nf6 5. Be2 g6 6. O-O Bg7 7. Re1 O-O 8. Bf1 e6 9. h3 Bxf3 10. Qxf3 a5 11. a4 Na6 12. c3 d4 13. Nc4 Nd7 14. Bd2 Nac5 15. cxd4 Nb3 16. Bc3 b5 17.
axb5 cxb5 18. Nd6 b4 19. Ra2 bxc3 20. bxc3 a4 21. e5 Nb6 22. Rb1 Nd5 23. Ne4 Qc7 24.
c4 Nxd4 25. Qg3 Bxe5 26. Qh4 Nf5 27. Qg5 Nc3 28. Nxc3 Bxc3 0-1

[Event "*** Titled Tuesday Blitz"]
[Site "Chess.com"]
[Date "2020.05.05"]
[Round "3"]
[White "sergoy"]
[Black "jfriedel"]
[Result "1-0"]
[WhiteElo "2863"]
[BlackElo "2569"]
[TimeControl "180+1"]
[EndTime "10:27:24 PDT"]
[Termination "sergoy won by resignation"]

1. d4 Nf6 2. c4 g6 3. Nf3 Bg7 4. g3 O-O 5. Bg2 d6 6. O-O Nbd7 7. Qc2 e5 8. Rd1 Qe7 9. Nc3 c6 10. h3 Re8 11. e4 exd4 12. Nxd4 Nc5 13. f3 a5 14. Be3 a4 15. Rab1 h6 16. Bf2 Nfd7 17.
f4 Nb6 18. b3 axb3 19. axb3 Nbd7 20. Re1 Qd8 21. b4 Ne6 22. Nxe6 Rxe6 23. c5 Ra3 24. Rb3 Rxb3 25. Qxb3 dxc5 26. bxc5 Re8 27. e5 Bf8 28. Ne4 Qa5 29. Rc1 Kg7 30. Qb2 Kg8 31. h4 h5 32. Bf1 Qa4 33. Bc4 Nb8 1-0

[Event "*** Titled Tuesday Blitz"]
[Site "Chess.com"]
[Date "2020.05.05"]
[Round "3"]
[White "CastleOasisChess"]
[Black "ChainsOfFantasia"]
[Result "0-1"]
[WhiteElo "2133"]
[BlackElo "2477"]
[TimeControl "180+1"]
[EndTime "10:27:24 PDT"]
[Termination "ChainsOfFantasia won by resignation"]

1. d4 Nf6 2. e3 e6 3. Bd3 c5 4. c3 b6 5. f4 Bb7 6. Nf3 Be7 7. Nbd2 O-O 8. O-O d5 9. Ne5 Ne4 10. Qf3 f5 11. g4 Nd7 12. g5 Nxe5 13.
dxe5 Qd7 14. h4 Nxd2 15. Bxd2 d4 16. Qh3 dxc3 17. Bxf5 exf5 18. Bxc3 Rad8 19. h5 c4 20. h6 g6 21. Qh2 Bc5 22. Rfe1 Qd3 23. Qf2 Qe4 0-1

[Event "*** Titled Tuesday Blitz"]
[Site "Chess.com"]
[Date "2020.05.05"]
[Round "3"]
[White "Steven_Rojas"]
[Black "suneebaker"]
[Result "1/2-1/2"]
[WhiteElo "2378"]
[BlackElo "2182"]
[TimeControl "180+1"]
[EndTime "10:27:25 PDT"]
[Termination "Game drawn by repetition"]

1. c4 Nf6 2. Nc3 g6 3. g3 Bg7 4.
Bg2 O-O 5. d4 d6 6. Nf3 Nc6 7. O-O a6 8. Qd3 Rb8 9. b3 e5 10. Bb2 Bg4 11. dxe5 dxe5 12. Qxd8 Rfxd8 13. Rad1 Nd4 14. Nxe5 Nxe2+ 15. Kh1 Nxc3 16. Rxd8+ Rxd8 17. Bxc3 Bc8 18. h3 c6 19. Kh2 Be6 20. Re1 h5 21. Nf3 Ng4+ 22. hxg4 Bxc3 23. Re3 hxg4 24. Rxc3 gxf3 25.
Rxf3 Rd2 26. a4 Kg7 27. Bh3 Bxh3 28. Kxh3 Rb2 29. Kg2 a5 30. g4 g5 31. Kg3 f6 32.
Rd3 Kg6 33. f3 Rb1 34. Kg2 Rb2+ 35. Kg3 Rb1 36. Kg2 Rb2+ 37. Kg3 1/2-1/2

[Event "*** Titled Tuesday Blitz"]
[Site "Chess.com"]
[Date "2020.05.05"]
[Round "3"]
[White "hazy13"]
[Black "AcsinteMatei"]
[Result "0-1"]
[WhiteElo "2182"]
[BlackElo "2403"]
[TimeControl "180+1"]
[EndTime "10:27:27 PDT"]
[Termination "AcsinteMatei won by checkmate"]

1. d4 Nf6 2. c4 e6 3. g3 Bb4+ 4. Nd2 O-O 5. Bg2 d5 6. Nf3 b6 7.
O-O Bb7 8. Ne5 Nbd7 9. Nxd7 Qxd7 10. a3 Bd6 11. Qc2 a5 12. e4 dxe4 13. Nxe4 Nxe4 14. Bxe4 Bxe4 15. Qxe4 c5 16. Rd1 Qe7 17. Be3 f5 18.
Qc6 f4 19. dxc5 fxe3 20. cxd6 exf2+ 21. Kg2 Qf6 22. d7 Qxb2 23. Qxe6+ Kh8 24. Rf1 Rad8 25. Rab1 Qxa3 26. Qc6 Qd3 27. Rxb6 Rxd7 28. Rb7 Qxf1+ 29. Kxf1 Rd1+ 30. Ke2 f1=Q+ 31. Ke3 Rd3+ 32. Ke4 Qf5# 0-1

[Event "*** Titled Tuesday Blitz"]
[Site "Chess.com"]
[Date "2020.05.05"]
[Round "3"]
[White "StegariuVlad"]
[Black "manuellarrea"]
[Result "1-0"]
[WhiteElo "2509"]
[BlackElo "2213"]
[TimeControl "180+1"]
[EndTime "10:27:28 PDT"]
[Termination "StegariuVlad won by resignation"]

1. e4 c5 2. Nf3 Nc6 3. d4 cxd4 4. Nxd4 Nf6 5. Nc3 e5 6. Ndb5 d6 7. Bg5 a6 8. Na3 b5 9. Nd5 Be7 10. Bxf6 Bxf6 11. c3 Bg5 12. h4 Bh6 13. Be2 O-O 14.
Bg4 Be6 15. Nc2 Ne7 16. Nce3 Bxe3 17. Nxe3 Bxg4 18. Qxg4 Qc8 19. Qxc8 Rfxc8 20. Ke2 Rc6 21. Rhd1 Ng6 22. g3 Ne7 23. a4 Rb8 24. axb5 Rxb5 25. Rd2 g6 26. Kd1 f5 27. exf5 gxf5 28.
f4 Kf7 29. Kc2 Ke6 30. Rad1 a5 31. b3 Rcb6 32. Nc4 Nd5 33. Rxd5 1-0

[Event "*** Titled Tuesday Blitz"]
[Site "Chess.com"]
[Date "2020.05.05"]
[Round "3"]
[White "JakeCarlosBanawa"]
[Black "tgpgoat"]
[Result "0-1"]
[WhiteElo "2290"]
[BlackElo "2072"]
[TimeControl "180+1"]
[EndTime "10:27:28 PDT"]
[Termination "tgpgoat won by resignation"]

1. d4 Nf6 2. c4 c5 3. d5 b5 4. cxb5 a6 5. bxa6 Bxa6 6. Nc3 g6 7. Nf3 d6 8. e4 Bxf1 9. Kxf1 Bg7 10. g3 O-O 11. Kg2 Nbd7 12. a4 Qb6 13. Re1 Ng4 14. Qe2 Rfb8 15. Nd2 Ngf6 16. Nc4 Qa6 17. Ra3 Rb4 18.
b3 Nb6 19. Qd3 Nxc4 20. bxc4 Qxc4 21. Qxc4 Rxc4 22. Nb5 Rcxa4 23. Rxa4 Rxa4 24. f3 Nd7 25. Bg5 Bf6 26. Bxf6 Nxf6 27. e5 Nxd5 28. exd6 exd6 29. Nxd6 c4 30. Re8+ Kg7 31. Rc8 c3 32. Rc5 Ra2+ 33.
Kh3 c2 34. Nb5 Ra5 35. Rxc2 Rxb5 36. Rd2 Nf6 37. g4 h5 38. Kg3 hxg4 39. fxg4 Ne4+ 0-1

[Event "*** Titled Tuesday Blitz"]
[Site "Chess.com"]
[Date "2020.05.05"]
[Round "3"]
[White "StephenDedalus83"]
[Black "SARGISMV"]
[Result "0-1"]
[WhiteElo "2679"]
[BlackElo "2441"]
[TimeControl "180+1"]
[EndTime "10:27:29 PDT"]
[Termination "SARGISMV won by resignation"]

1. e4 e6 2. d4 d5 3. Nc3 Bb4 4. e5 c5 5. a3 Bxc3+ 6. bxc3 Ne7 7. Qg4 O-O 8. Bd3 Nbc6 9. Qh5 Ng6 10. Nf3 Qc7 11.
Be3 c4 12. Bxg6 fxg6 13. Qg4 Qf7 14. Ng5 Qe8 15. h4 b5 16. Nh3 Bd7 17. Nf4 Qf7 18.
Kd2 Ne7 19. Qh3 h6 20. g4 a5 21. h5 g5 22. Ne2 Qf3 23. Qxf3 Rxf3 24. Ng1 Rf7 25. Rh3 Raf8 26. Ke2 Nc6 27. Rb1 Rb8 28.
Kd2 Be8 29. Ne2 b4 30. axb4 axb4 31. cxb4 Rxb4 32. Rxb4 Nxb4 33. f4 Ra7 34. Kc3 Na2+ 35. Kb2 c3+ 36. Nxc3 Nxc3 37. Kxc3 gxf4 38. Bxf4 Ra3+ 0-1